 Dungeon Crawl Stone Soup version 0.19.5 (webtiles) character file.

156 McKennaii the Skirmisher (level 5, -2/42 HPs)
             Began as a Demonspawn Abyssal Knight on Apr 25, 2017.
             Was a Believer of Lugonu.
             Slain by a scorpion (6 damage)
             ... on level 4 of the Dungeon.
             The game lasted 00:06:22 (3024 turns).

McKennaii the Skirmisher (DsAK)                     Turns: 3024, Time: 00:06:22

Health: -2/42      AC: 10    Str: 13    XL:     5   Next: 15%
Magic:  0/6        EV: 11    Int: 13    God:    Lugonu [**....]
Gold:   103        SH:  0    Dex: 13    Spells: 0 memorised, 4 levels left

rFire  . . .     SeeInvis .     a - +1 falchion
rCold  + . .     Gourm    .     b - +0 leather armour
rNeg   . . .     Faith    .     (no shield)
rPois  .         Spirit   +     (no helmet)
rElec  .         Reflect  .     (no cloak)
rCorr  .         Harm     .     (no gloves)
MR     +....                    x - +0 pair of boots
Stlth  +.........               (no amulet)
                                k - ring of protection from cold
                                p - ring of protection from magic

@: lethally poisoned (-2 -> -25), sanguine armour
A: magic shield, sanguine armour 1
a: Depart the Abyss, Bend Space, Renounce Religion


You were on level 4 of the Dungeon.
You worshipped Lugonu.
Lugonu was pleased with you.
You were very hungry.

You visited 1 branch of the dungeon, and saw 4 of its levels.
You visited the Abyss 1 time.

You collected 103 gold pieces.

Inventory:

Hand Weapons
 a - a +1 falchion (weapon)
Armour
 b - a +0 leather armour (worn)
 x - a +0 pair of boots (worn)
Jewellery
 h - an uncursed ring of wizardry
 k - a ring of protection from cold (right hand)
 p - a ring of protection from magic (left hand)
Scrolls
 d - 5 scrolls of identify {unknown}
 e - 2 scrolls of enchant weapon {unknown}
 g - 2 scrolls of magic mapping {unknown}
 l - 3 scrolls of remove curse {unknown}
 m - a scroll of enchant armour {unknown}
 n - 2 scrolls of random uselessness {unknown}
 s - a scroll of fear {unknown}
 t - a scroll of noise {unknown}
Potions
 i - 2 potions of brilliance {unknown}
 j - a potion of degeneration {unknown}
 o - a potion of heal wounds {unknown}
 q - a potion of haste {unknown}
 r - a potion of cure mutation {unknown}
 u - a potion of beneficial mutation {unknown}
 v - a potion of mutation {unknown}
 z - a potion of cancellation {unknown}
 A - a potion of ambrosia {unknown}
 B - a potion of agility {unknown}
Comestibles
 c - 4 bread rations
 f - 2 meat rations
 w - a slice of pizza


   Skills:
 + Level 3.7 Fighting
 + Level 3.3 Long Blades
 + Level 2.9 Armour
 + Level 1.3 Dodging
 + Level 0.6 Stealth
 + Level 2.6 Invocations


You had 4 spell levels left.
You didn't know any spells.

Dungeon Overview and Level Annotations

Branches:
Dungeon (4/15)
 Temple: D:4-7

Altars:
Nemelex Xobeh


Innate Abilities, Weirdness & Mutations

When hurt, damage is shared between your health and your magic reserves.
When seriously injured, your bleeding wounds create armour. (AC +6)


Message History

The scorpion stings you.
* * * LOW HITPOINT WARNING * * *
You are more poisoned.
The scorpion poisons you!
You hit the scorpion.
The scorpion is severely wounded.
* * * LOW HITPOINT WARNING * * *
You feel sick. The scorpion stings you.
* * * LOW HITPOINT WARNING * * *
You hit the scorpion.
The scorpion is almost dead.
* * * LOW HITPOINT WARNING * * *
You feel very sick. The scorpion closely misses you.
You closely miss the scorpion.
The scorpion is almost dead.
You are feeling very hungry.
* * * LOW HITPOINT WARNING * * *
You feel sick. The scorpion stings you!
You die...

#.# #...###### #.#
#...####.. #.# ...........
#.# ####### #............
#.###.....######.....^......
#.....................####'#
#####.....######....######..
#.....### #...... #......@#
#...... #.......s...#
#...... #####.......#
##...... ##......# ........
#......# ###...... #........
........ #......######.###..
####+#.. ...#.# #..
#.#.###.##.# #..


You could see a scorpion.

Vanquished Creatures
  A bullfrog skeleton (D:4)
  Jessica (D:3)
  2 adders
  An adder zombie (D:3)
  3 worms
  A dart slug (D:1)
  A leopard gecko (D:2)
  An orc (D:4)
  7 bats
  4 giant cockroaches
  9 goblins
  11 hobgoblins
  6 jackals
  A quokka (D:3)
  2 ball pythons
  3 frilled lizards
  5 kobolds
  5 rats
64 creatures vanquished.

Notes
Turn   | Place    | Note
-------+----------+-------------------------------------------
     0 | Abyss:1  | McKennaii the Demonspawn Abyssal Knight began the quest for the Orb.
     0 | Abyss:1  | Reached XP level 1. HP: 18/18 MP: 2/2
   128 | Abyss:1  | Noticed a starcursed mass
   144 | Abyss:1  | Found a corrupted altar of Lugonu.
   154 | Abyss:1  | Noticed a large abomination
   217 | Abyss:1  | Noticed a green very ugly thing
   220 | Abyss:1  | Noticed a lich
   225 | D:1      | Escaped the Abyss
   301 | D:1      | Reached skill level 1 in Dodging
   452 | D:1      | Gained mutation: When hurt, damage is shared between your health and your magic reserves. [demonic ancestry]
   452 | D:1      | Reached XP level 2. HP: 13/24 MP: 3/3
   531 | D:1      | Reached * piety under Lugonu
   684 | D:1      | Gained mutation: When seriously injured, your bleeding wounds create armour. (AC +6) [demonic ancestry]
   684 | D:1      | Reached XP level 3. HP: 18/29 MP: 4/4
  1608 | D:2      | You fall through a shaft for 2 floors!
  1610 | D:4      | Noticed a scorpion
  2176 | D:3      | Reached XP level 4. HP: 34/35 MP: 5/5
  2196 | D:3      | Reached ** piety under Lugonu
  2431 | D:3      | Found a sparkling altar of Nemelex Xobeh.
  2431 | D:3      | Noticed Jessica
  2435 | D:3      | Killed Jessica
  2931 | D:4      | Reached XP level 5. HP: 27/42 MP: 3/6
  3024 | D:4      | Slain by a scorpion

Skill      XL: |  1  2  3  4 |
---------------+-------------+-----
Dodging        | 1 |  1.3
Long Blades    | 2 3 |  3.3
Armour         | 2 |  2.9
Fighting       | |  3.7
Stealth        | |  0.6
Invocations    | |  2.6

Action                   |  1- 3 |  4- 6 || total
-------------------------+-------+-------++-------
Melee: Falchion          |   130 |    78 ||   208
Invok: Depart the Abyss  |     1 |       ||     1
 Stab: Sleeping          |     1 |       ||     1
  Eat: Chunk             |     4 |     2 ||     6
Armor: Leather armour    |    39 |    37 ||    76
Dodge: Dodged            |    84 |    53 ||   137
       Rpst.: Falchion   |    24 |    22 ||    46
